cohdb
Replays
Latest Replays
All Replays
Popular Replays
Top Player Replays
Match Explorer
How It Works
Community
CoH3 Stats
Reddit
Sign in to upload your games and track your stats! →
Sign in with Steam
Match 41614140
Unlisted
Match 41614140
Overview
Messages
Build Orders
End
Construct Barracks
Construct Barracks
Scout Squad
Selects Advanced Infantry Battlegroup
Riflemen Squad
Riflemen Squad
Riflemen Squad
Construct Medical Station
Selects Convert to Ranger Squad
Air Support Center
Selects Convert to Ranger Squad
Convert to Ranger Squad
Grasshopper Recon Run
M1918 Browning Automatic Rifles
Selects Artillery Observers
Engineer Squad
Grasshopper Recon Run
Grasshopper Recon Run
P-47 Strafing Run
Improved Aircraft Armor
Riflemen Squad
Grasshopper Recon Run
P-47 Strafing Run
Construct Tank Depot
P-47 Strafing Run
Selects M2A1 105mm Howitzer Emplacement
Selects Free Fire Drills
M18 Hellcat Tank Destroyer
P-47 Dive Bomb
Engineer Squad
M18 Hellcat Tank Destroyer
Grasshopper Recon Run
BigTiddyLebron
kreumat
Zcheffen
Lenze 69
0
0
Comments
sign in to comment!
No comments posted yet!